Cogmind - Beta 17 @@@ ROGUE MODE // 2026.06.30 @ 17:06:29 Player: Lolterzard Result: Destroyed by B-48 Gladiator with Mace Performance ------------- Evolutions (3) 1500 Regions Visited (4) 800 Robots Destroyed (182) 910 Value Destroyed (5446) 5446 Prototype IDs (5) 100 Alien Tech Used (0) 0 Bonus (270) 270 TOTAL SCORE: 9026 Bonus ------- High Alert Combat Kills 270 Cogmind --------- Core Integrity 0/700 Matter 293/300 Energy 100/100 System Corruption 11% Temperature Cool (0) Movement Core (850) Ox16 Location -7/Factory Parts ------- > --- POWER (1) -------- (None) > --- PROPULSION (6) --- (None) > --- UTILITY (4) ------ High-capacity Storage Unit Hardened Medium Armor Plating > --- WEAPON (2) ------- Spear > --- INVENTORY (20) --- Improved Deuterium Engine Improved Deuterium Engine Improved Power Shielding Propulsion Shielding Improved Propulsion Shielding Weapon Shielding Improved Weapon Shielding Hardened Medium Armor Plating Improved Light Armor Plating Improved Light Armor Plating Improved Light Armor Plating Improved Medium Armor Plating Medium Reactive Plating Shield Generator Peak State ------------ > --- POWER ------------ Improved Deuterium Engine > --- PROPULSION ------- Armored Treads Medium Treads Gravmag System > --- UTILITY ---------- Improved Heat Sink High-capacity Storage Unit Improved Utility Shielding Hardened Medium Armor Plating > --- WEAPON ----------- Heavy Assault Rifle Gauss Cannon > --- INVENTORY -------- Improved Deuterium Engine Improved Deuterium Engine Improved Power Shielding Propulsion Shielding Weapon Shielding Improved Weapon Shielding Hardened Medium Armor Plating Hardened Medium Armor Plating Hardened Medium Armor Plating Hardened Medium Armor Plating Hardened Medium Armor Plating Improved Light Armor Plating Improved Light Armor Plating Improved Medium Armor Plating Shield Generator Tractor Beam Heavy Rocket Launcher Heavy Rocket Launcher Heavy Rocket Launcher Heavy Rocket Launcher [Rating: 37] Favorites ----------- Power Cooled Ion Engine Engine Cooled Ion Engine Propulsion Light Treads Treads Light Treads Leg Carbon-fiber Leg Wheel Wheel Hover Unit Improved Hover Unit Flight Unit Improved Flight Unit Utility High-capacity Storage Unit Device Improved Heat Sink Storage High-capacity Storage Unit Protection Improved Utility Shielding Weapon Improved Assault Rifle Ballistic Gun Improved Assault Rifle Ballistic Cannon Light Cannon Launcher Heavy Rocket Launcher Piercing Weapon Spear Build | -11 -10 -9 -8 -7 ------- Run | Yrd Mat Mat Mat Fac Slots Evolved 6 | . . 2 2 2 Power . | . . . . . Propulsion 4 | . . 1 1 2 Utility 2 | . . 1 1 . Weapon . | . . . . . Parts Attached 99 | 7 4 36 30 22 Power 12 | 1 1 6 3 1 Engine 12 | 1 1 6 3 1 Core . | . . . . . Reactor . | . . . . . Propulsion 42 | 2 1 18 16 5 Treads 27 | 2 1 10 11 3 Leg 1 | . . . 1 . Wheel 9 | . . 5 4 . Hover 2 | . . . . 2 Flight 3 | . . 3 . . Utility 24 | 2 1 5 8 8 Device 5 | 1 . 2 2 . Storage 4 | 1 1 1 1 . Processor . | . . . . . Hackware . | . . . . . Protection 15 | . . 2 5 8 Artifact . | . . . . . Weapon 21 | 2 1 7 3 8 Energy Gun . | . . . . . Energy Cannon . | . . . . . Ballistic Gun 13 | 2 . 7 2 2 Ballistic Cannon 2 | . 1 . . 1 Launcher 5 | . . . 1 4 Special Weapon . | . . . . . Impact Weapon . | . . . . . Slashing Weapon . | . . . . . Piercing Weapon 1 | . . . . 1 Special Melee Weapon . | . . . . . Unidentified Prototypes 5 | . . 4 1 . Parts Lost 55 | . 1 9 19 26 Power 6 | . 1 2 2 1 Propulsion 20 | . . 2 10 8 Utility 15 | . . 2 5 8 Weapon 14 | . . 3 2 9 Highest Loss Streak 5 | . 1 3 5 5 To Critical Strikes . | . . . . . Average Backups 13 | 1 6 9 15 18 Power 1 | . . . 1 1 Propulsion . | . . . . . Utility 7 | . 2 5 7 12 Weapon 4 | . 3 3 5 4 Tool/Special . | . . . . . Unused Backups 32 | . 1 7 3 21 Power 6 | . . . 2 4 Propulsion . | . . . . . Utility 17 | . . 2 . 15 Weapon 9 | . 1 5 1 2 Tool/Special . | . . . . . Average Slot Usage (%) 85 | . 98 97 84 71 Engine 8 | . 13 10 8 4 Treads 22 | . 27 23 20 19 Wheel 1 | . . 3 1 . Flight 1 | . . 3 . . Device 9 | . 14 15 7 5 Storage 9 | . 14 10 9 7 Protection 12 | . . 6 18 16 Ballistic Gun 15 | . 17 20 17 8 Ballistic Cannon 1 | . 9 . . 1 Launcher 1 | . . . . 4 Peak Build Rating 37 | 7 8 20 31 37 Average Rating 20 | 5 7 17 22 28 On Entrance 13 | . 7 8 19 31 Avg Prop Armor Cover (%) 6 | 24 . 1 10 2 Naked Turns . | . . . . . Heaviest Build 72 | 14 19 40 62 72 Greatest Support 100 | 40 40 66 80 100 Greatest Overweight (x) 23 | 4 . 4 20 23 Average Overweight (x) . | . . . 1 1 Largest Inventory Capacity 20 | 8 10 15 20 20 Average Capacity 15 | 7 8 10 19 20 Most Carried 20 | 3 10 14 20 20 Average Carried 13 | 1 6 9 15 18 Final Capacity 20 | 8 10 15 20 20 Final Carried 20 | 2 9 14 20 14 Class Distribution -------------------- 50% | Scavenger-Mutant 49% | Mutant Dominant Class ---------------- Mutant | -10/Materials Scavenger-Mutant | -9/Materials Mutant | -8/Materials Mutant | -7/Factory Resources | -11 -10 -9 -8 -7 ----------- Run | Yrd Mat Mat Mat Fac Matter Collected 5177 | 306 720 1392 1584 1175 Remotely 405 | . . 76 . 329 Salvage Created 7141 | 102 920 1741 3030 1348 Parts 423 | 10 59 117 158 79 Haulers Intercepted 13 | . 2 5 6 . Recyclers Shooed 8 | . 2 3 3 . Parts Field Recycled . | . . . . . Retrieved Matter . | . . . . . Parts Self-Destructed . | . . . . . Prevented . | . . . . . Parts Restored . | . . . . . Kills | -11 -10 -9 -8 -7 ------- Run | Yrd Mat Mat Mat Fac Combat Hostiles Destroyed 120 | . 18 34 40 28 Melee 1 | . . . . 1 Guns 92 | . 9 32 38 13 Cannons 17 | . 9 2 . 6 AOE 10 | . . . 2 8 Classes Destroyed 14 | 2 5 3 1 3 Worker 11 | . 5 4 2 . Builder 10 | . . 1 2 7 Tunneler 5 | 3 1 . 1 . Hauler 13 | . 2 5 6 . Recycler 9 | 1 1 1 5 1 Mechanic 1 | . . . . 1 Operator 1 | . . . . 1 Watcher 12 | . 3 5 4 . Swarmer 13 | . 3 10 . . Grunt 77 | . 15 14 33 15 Brawler 2 | . . 1 1 . Sentry 20 | . . 9 5 6 Hunter 3 | . . . 1 2 Programmer 5 | . . . . 5 Best Kill Streak 7 | 4 6 6 6 7 Combat Bots Only 6 | . 4 5 6 4 Max Kills in Single Turn 3 | 1 2 2 2 3 Gunslinging . | . . . . . Exploded 2 | . . . 2 2 Melee 1 | . . . . 1 Uniques/NPCs Destroyed . | . . . . . Combat | -11 -10 -9 -8 -7 -------- Run | Yrd Mat Mat Mat Fac Hostile Shots Fired 1094 | . 95 208 241 550 Missed 317 | . 27 58 65 167 Hits 777 | . 68 150 176 383 Melee 13 | . . 2 2 9 Projectile 764 | . 68 148 174 374 AOE 2 | . . . 2 . Critical Strikes 18 | . 1 2 11 4 Actively Blocked 3 | . . . 2 1 Damage Taken 10175 | . 802 1718 2958 4697 Core 1701 | . 139 359 475 728 Absorbed by Shields . | . . . . . Redirected to Shielding 569 | . . . 452 117 Regen/Repaired (Parts) 434 | . 200 234 . . Core Remaining (%) 41 | 100 44 10 13 . Volleys Fired 587 | 9 95 153 216 114 Largest 2 | 2 2 2 2 2 Hottest 78 | 40 50 50 59 78 Shots Fired 1147 | 18 191 301 427 210 Gun 1015 | 18 124 289 425 159 Cannon 108 | . 67 12 . 29 Launcher 24 | . . . 2 22 Special . | . . . . . Kinetic 1123 | 18 191 301 425 188 Thermal . | . . . . . Explosive 24 | . . . 2 22 Electromagnetic . | . . . . . Robot Hit Streak 26 | 3 8 18 20 26 Robot Miss Streak 6 | 3 6 4 4 4 Penetration Max 1 | . . . . 1 Secondary Targets 8 | . 1 2 4 1 Max Gunslinging Chain 1 | . 1 1 1 1 Shots Hit Robots 789 | 8 104 203 322 152 Core Hits 330 | 6 47 67 128 82 Critical Kills 2 | . . . 2 . Critical Parts Destroyed 7 | . . 1 4 2 Critical Strikes 11 | . . 1 6 4 Destroy 9 | . . 1 6 2 Blast 2 | . . . . 2 Melee Attacks 7 | . . . . 7 Impact . | . . . . . Slashing . | . . . . . Piercing 7 | . . . . 7 Sneak Attacks . | . . . . . Combat Hostiles . | . . . . . Follow-up Attacks . | . . . . . Damage Inflicted 13894 | 100 1504 2986 5008 4296 Guns 10390 | 100 934 2838 4792 1726 Cannons 1401 | . 563 148 . 690 Explosions 1896 | . . . 190 1706 Melee 156 | . . . . 156 Ramming 51 | . 7 . 26 18 Kinetic 11791 | 100 1497 2986 4792 2416 Thermal . | . . . . . Explosive 1896 | . . . 190 1706 Electromagnetic . | . . . . . Impact . | . . . . . Slashing . | . . . . . Piercing 156 | . . . . 156 Highest Corruption 11 | . 2 2 1 11 Average Corruption 3 | . 2 2 1 5 Corruption Purged . | . . . . . Corruption Blocked . | . . . . . Effects 111 | . 15 31 7 58 Message Errors 26 | . 2 6 . 18 Matter Fused 28 | . 5 10 3 10 Heat Flow Errors 15 | . 2 6 . 7 Energy Discharges 12 | . 2 4 1 5 Parts Rejected 2 | . . . . 2 Data Loss (minor) 11 | . . 1 1 9 Data Loss (major) 5 | . 1 2 1 1 Misfires 8 | . 2 1 1 4 Alerts 1 | . . . . 1 Weapon Failures 3 | . 1 1 . 1 Overload Shots . | . . . . . Overflow Damage 135 | . 20 . . 115 Projectiles 20 | . 20 . . . Explosions 115 | . . . . 115 Melee . | . . . . . Knockbacks 7 | . 5 1 . 1 Impact . | . . . . . Kinetic 6 | . 4 1 . 1 Secondary 1 | . 1 . . . Self-Inflicted Damage 277 | . . . 12 265 Shots 9 | . . . 1 8 Rammed 6 | . 2 . 3 1 Targets Rammed 7 | . 2 . 3 2 Kicked . | . . . . . Crushed 1 | . . . . 1 Highest Temperature 239 | . 216 234 19 239 Average Temperature 51 | . 43 60 4 78 Received Heat Transfer 3828 | . 336 498 1476 1518 Siege Activations . | . . . . . Martial Activations . | . . . . . Shielding Activations . | . . . . . Robots Disrupted . | . . . . . Combat Hostiles . | . . . . . Robots Corrupted . | . . . . . Combat Hostiles . | . . . . . Parts Fried . | . . . . . Impact Corruptions . | . . . . . Robots Melted . | . . . . . Combat Hostiles . | . . . . . Parts Melted . | . . . . . Heat Transferred . | . . . . . Parts Sabotaged . | . . . . . Parts Stolen . | . . . . . Parts Stripped . | . . . . . Power Chain Reactions . | . . . . . Alert | -11 -10 -9 -8 -7 ------- Run | Yrd Mat Mat Mat Fac Maximum Alert Level 2 | . . 2 2 2 Low Security (%) 38 | 100 100 17 5 60 Level 1 35 | . . 53 44 25 Level 2 26 | . . 28 50 14 Level 3 . | . . . . . Level 4 . | . . . . . Level 5 . | . . . . . High Security . | . . . . . Max Security . | . . . . . Peak Influence 670 | 15 135 431 670 480 Initial 301 | . . 22 156 301 Average 261 | 1 47 307 416 173 Influence Increases 4140 | 20 534 1076 1396 1114 Destroy 0b10 Robot/C 2400 | . 360 680 800 560 Destroy 0b10 Robot/NC 310 | 20 60 80 100 50 Destroy Leader 660 | . 100 190 200 170 Successful Hack 79 | . 13 46 10 10 Disable Machine 120 | . . 15 . 105 Destroy Structure 181 | . 1 5 31 144 Partial Spotted 30 | . . . 15 15 Lose Combat Pursuer 360 | . . 60 240 60 Influence Decreases 3681 | 20 479 759 1105 1318 Entered New Map 611 | . . 33 216 362 Time Decay 2450 | 20 383 644 699 704 Lost Part 534 | . 10 82 190 252 Purge Threat 86 | . 86 . . . Squads Dispatched 31 | . 5 3 8 15 Investigation 10 | . 3 2 3 2 Extermination 5 | . . . . 5 Reinforcement 11 | . 2 1 4 4 Assault 1 | . . . . 1 Garrison 4 | . . . 1 3 Intercept . | . . . . . Searches Triggered . | . . . . . Construction Impeded 4 | . . 1 1 2 Haulers Reinforced . | . . . . . Active Scanning Responses . | . . . . . Cargo Convoy Interrupts . | . . . . . Stealth | -11 -10 -9 -8 -7 --------- Run | Yrd Mat Mat Mat Fac Distress Signals 11 | . . 4 5 2 Communications Jammed . | . . . . . Distress Signals . | . . . . . Times Spotted 201 | . 28 49 81 43 Peak Tracking Total 7 | . 4 4 7 7 Tactical Retreats 13 | . . 3 7 3 Traps | -11 -10 -9 -8 -7 ------- Run | Yrd Mat Mat Mat Fac Traps Triggered 12 | . 5 3 3 1 Indirectly . | . . . . . Trap Hack Attempts . | . . . . . Triggered . | . . . . . Disarmed . | . . . . . Reprogrammed . | . . . . . Reused . | . . . . . Traps Extracted . | . . . . . Installed . | . . . . . Triggered . | . . . . . Machines | -11 -10 -9 -8 -7 ---------- Run | Yrd Mat Mat Mat Fac Machines Disabled 8 | . . 1 . 7 Max in Single Turn 2 | . . 1 . 2 Machines Repaired . | . . . . . Machines Dismantled . | . . . . . Machines Sabotaged . | . . . . . Overloaded Fab Kills . | . . . . . Hacking | -11 -10 -9 -8 -7 --------- Run | Yrd Mat Mat Mat Fac Machines Accessed 30 | . 6 13 8 3 Terminals 19 | . 4 9 5 1 Fabricators . | . . . . . Repair Stations 5 | . 1 2 1 1 Recycling Units 4 | . 1 1 1 1 Scanalyzers 2 | . . 1 1 . Garrison Access . | . . . . . Total Hacks 66 | . 14 25 20 7 Successful 35 | . 10 14 8 3 Failed 31 | . 4 11 12 4 Catastrophic 6 | . 1 . 4 1 Database Lockouts . | . . . . . Manual 6 | . 2 . 4 . Terminals 34 | . 6 13 13 2 Fabricators . | . . . . . Repair Stations 19 | . 6 8 2 3 Recycling Units 9 | . 2 3 2 2 Scanalyzers 4 | . . 1 3 . Garrison Access . | . . . . . Terminal Hacks 18 | . 4 7 5 2 Record 1 | . . . 1 . Branch Access Points 1 | . . 1 . . Emergency Access Points 1 | . . 1 . . Alert Level 3 | . . 2 1 . Unreport Threat 1 | . 1 . . . Locate Traps 1 | . . . 1 . Transport Status 1 | . . 1 . . Hauler Manifests 4 | . 1 1 1 1 Registered Components 3 | . 2 1 . . Zone Layout 2 | . . . 1 1 Fabricator Hacks . | . . . . . Repair Station Hacks 13 | . 6 5 1 1 Scan Component 8 | . 3 3 1 1 Repair 5 | . 3 2 . . Recycling Unit Hacks 1 | . . 1 . . Retrieve Components 1 | . . 1 . . Scanalyzer 3 | . . 1 2 . Insert Component 1 | . . . 1 . Analyze 1 | . . . 1 . Retrieve Study 1 | . . 1 . . Garrison Access Hacks . | . . . . . Unauthorized Hacks . | . . . . . Terminals . | . . . . . Fabricators . | . . . . . Repair Stations . | . . . . . Recycling Units . | . . . . . Scanalyzers . | . . . . . Garrison Access . | . . . . . Data Cores Recovered . | . . . . . Used . | . . . . . Hacking Detections 20 | . 4 8 6 2 Full Trace Events 7 | . 3 1 1 2 Feedback Events 1 | . . . 1 . Corruption 1 | . . . 1 . Feedback Blocked . | . . . . . Robot Schematics Acquired . | . . . . . Robots Built . | . . . . . Authchips . | . . . . . Time . | . . . . . Total Robot Build Rating . | . . . . . Part Schematics Acquired 1 | . . . 1 . Parts Built . | . . . . . Authchips . | . . . . . Time . | . . . . . Total Part Build Rating . | . . . . . Part Studies Acquired 1 | . . 1 . . Parts Repaired 5 | . 3 2 . . Time 136 | . 78 58 . . Parts Recycled . | . . . . . Recycled Matter . | . . . . . Retrieved Matter . | . . . . . Retrieved Components 10 | . . 10 . . Parts Scanalyzed 1 | . . . 1 . Part Schematics Acquired 1 | . . . 1 . Parts Damaged . | . . . . . Bothacking | -11 -10 -9 -8 -7 ------------ Run | Yrd Mat Mat Mat Fac Used RIF Installer . | . . . . . Robots Hacked . | . . . . . Non-combat . | . . . . . Combat . | . . . . . Robot Hacks Applied . | . . . . . Relay Couplers Released . | . . . . . Fabnet Peak Effective % . | . . . . . Robots Rewired . | . . . . . Allies Hacked . | . . . . . Hacks Repelled . | . . . . . Allies | -11 -10 -9 -8 -7 -------- Run | Yrd Mat Mat Mat Fac Total Allies . | . . . . . Largest Group . | . . . . . Highest-Rated Group . | . . . . . Highest-Rated Ally . | . . . . . Total Orders . | . . . . . Ally Attacks . | . . . . . Total Damage . | . . . . . Kills . | . . . . . Allies Corrupted . | . . . . . Allies Melted . | . . . . . Intel | -11 -10 -9 -8 -7 ------- Run | Yrd Mat Mat Mat Fac Active Infowar (turns) 2805 | 29 1282 1494 . . Seismic 2805 | 29 1282 1494 . . Robot Analysis Total . | . . . . . Derelict Logs Recovered . | . . . . . Drone Launches . | . . . . . Drone Recoveries . | . . . . . Exploration | -11 -10 -9 -8 -7 ------------- Run | Yrd Mat Mat Mat Fac Turns Passed 10196 | 146 1282 2730 2978 3060 Spaces Moved 3930 | 77 520 1362 984 987 Core 78 | 27 . 5 3 43 Treads 3379 | 50 520 1008 857 944 Legs . | . . . . . Wheels 351 | . . 227 124 . Hover . | . . . . . Flight 122 | . . 122 . . Fastest Speed 50 | 50 160 80 115 164 Average Speed 181 | 140 160 142 190 240 Slowest Speed 1200 | 250 160 320 1050 1200 Overloaded Moves . | . . . . . Propulsion Burnouts . | . . . . . Robots Hopped . | . . . . . Potential Cave-ins . | . . . . . Cave-ins Triggered . | . . . . . Exploration Rate (%) 54 | 5 78 97 64 28 Regions Visited 4 Branch Regions . Pre-discovered Areas . | . . . . . Known Exits Taken . | . . . . . Unknown Exits Taken 4 | 1 1 1 1 . Scrap Searched . | . . . . . Spaces Dug . | . . . . . Terrain Destroyed 211 | . . . 29 182 Melee . | . . . . . Projectile 4 | . . . . 4 AOE 207 | . . . 29 178 Terrain Rammed . | . . . . . Walls Destroyed . | . . . . . Machines Disabled . | . . . . . Actions | -11 -10 -9 -8 -7 --------- Run | Yrd Mat Mat Mat Fac Total 5863 | 95 783 1860 1661 1464 Wait 1069 | . 144 248 386 291 Move 3926 | 76 519 1361 983 987 Hop . | . . . . . Pick Up 77 | 3 9 22 21 22 Fast Attach 53 | 6 7 20 14 6 Attach 41 | 1 1 8 15 16 Detach 1 | . . . 1 . Swap 30 | . 3 16 8 3 Drop 65 | . 3 32 14 16 Fire 587 | 9 95 153 216 114 Melee 7 | . . . . 7 Ram . | . . . . . Kick . | . . . . . Crush 7 | . 2 . 3 2 Escape Stasis . | . . . . . Rewire . | . . . . . Trap . | . . . . . Miscellaneous . | . . . . . Route ------- -11/Scrapyard -10/Materials (discovered 5 exits: *Mat x3 / [*Min x2]) -9/Materials (discovered 5 exits: *Mat x3 / *Min x2) -8/Materials -7/Factory (discovered 1 exit: [*Sto]) History --------- Turn | Location | Event 9 | -11/Scrapyard | Discovered new exit (range 16) 147 | -11/Scrapyard | Entered Materials 300 | -10/Materials | Build established: Mutant 766 | -10/Materials | Repaired Assault Rifle 794 | -10/Materials | Repaired Lgt. Cannon 821 | -10/Materials | Repaired Lgt. Treads 930 | -10/Materials | Discovered new exit (range 6) 974 | -10/Materials | Discovered new exit (range 15) 1113 | -10/Materials | Discovered new exit (range 15) 1139 | -10/Materials | Discovered new exit (range 16) 1372 | -10/Materials | Core integrity fell below 50% 1382 | -10/Materials | Discovered new exit (range 15) 1429 | -10/Materials | Entered another Materials area 1429 | -9/Materials | Evolved 2 slots: Propulsion x1, Utility x1 1916 | -9/Materials | Core integrity fell below 50% 1953 | -9/Materials | Build established: Scavenger-Mutant 1956 | -9/Materials | Discovered new exit (range 11) 2097 | -9/Materials | Lost 3 parts (1p1n1w) 2297 | -9/Materials | Discovered new exit (range 5) 2419 | -9/Materials | Identified exit to Mines 2916 | -9/Materials | Core integrity fell below 20% 3116 | -9/Materials | Repaired Med. Storage Unit 3224 | -9/Materials | Discovered new exit (range 16) 3855 | -9/Materials | Repaired Hrd. Light Armor Plating 4159 | -9/Materials | Entered another Materials area 4159 | -8/Materials | Evolved 2 slots: Propulsion x1, Utility x1 4785 | -8/Materials | Lost 5 parts (3n2u) 5121 | -8/Materials | Lost 3 parts (1p2n) 5740 | -8/Materials | Build established: Mutant 5916 | -8/Materials | Discovered new exit (range 12) 6245 | -8/Materials | Core integrity fell below 50% 6955 | -8/Materials | Garrison activated, responded to threat 6980 | -8/Materials | Core integrity fell below 20% 7137 | -8/Materials | Entered Factory 7137 | -7/Factory | Evolved 2 slots: Propulsion x2 7534 | -7/Factory | Build established: Scavenger-Mutant 8754 | -7/Factory | Lost 3 parts (1n1u1w) 9016 | -7/Factory | Build established: Mutant 9162 | -7/Factory | Core integrity fell below 50% 9216 | -7/Factory | Lost 5 parts (2n2u1w) 9766 | -7/Factory | Core integrity fell below 20% 9780 | -7/Factory | Lost 3 parts (1u2w) 9795 | -7/Factory | Discovered new exit (range 15) 9937 | -7/Factory | First assault squad dispatched 10190 | -7/Factory | System corruption reached 10% 10197 | -7/Factory | Destroyed by B-48 Gladiator with Mace Last Messages --------------- 10165_ Acquired 64 matter. 10165_ R-06 Scavenger collects Hvy. Laser. 10168_ R-06 Scavenger collects Lgt. Angular Momentum Engine. 10168_ K-01 Serf collects debris. 10173_ C-45 Heavy ARC bursts open, deploying its payload. 10173_ G-50 Soldier unfolds itself. 10173_ L-41 Fighter unfolds itself. 10173_ B-48 Gladiator unfolds itself. 10173_ G-47 Trooper unfolds itself. 10173_ I-36 Angel unfolds itself. 10174_ Acquired 103 matter. 10174_ K-01 Serf collects debris. 10175_ Imp. Utility Shielding destroyed. 10179_ Acquired 10 matter. 10181_ K-01 Serf collects debris. 10186_ Tractor Beam destroyed. 10189_ Hrd. Medium Armor Plating destroyed. 10189_ System corrupted by crushing effect (+2). 10192_ Knocked back. 10197_ System corrupted: Matter fused (-7). Map ----- +----------------------------------------------------+ | ???????????????????????""""" # #???? | | ?????????????????????""""""" # [ #???? | | ????????????????? ? """"""""" # #???? | | ??????????????? """""" " # """" ????? | | ??????????????? # """???????? | | ??????????????? + """???????? | | ??????????????? # """ """???????? | | ??????????????? # """" ""????????? | | ??????????????? # """" """" #???? | | ??????????????? # #???? | | ???????????????# ### ## # #???? | | ???????????????# ??## # # ! #???? | | ???????????????# ???# ## ## #########?????? | | ??????????????## ????# # ###########?????? | | ???????????????+ ??????# # ????? | | ???????????????# ?????# # < ????? | | ???????????????# ?????### ????? | | ???????????????# ??????# ############????? | | ???????????????# ??????### ###???????????????? | | ???????????????# ???????# #?????????????????? | | ???????????????# ???????# #?????????????????? | | ???????????????# #######g########??????????? | | ???????????????# # #??????????? | | ???????????????+ + """" """" #??????????? | | ???????????????# %#b"""" ""S"" ???????????? | | ???????????????# # @""" "" "" ???????????? | | ???????????????# ?# """" #??????????? | | ???????????????# ?# ! [ #??????????? | | ???????????????# ??################??????????? | | ???????????????# ????????????????????????????? | | ???????????????# ?????????????????????????????? | | ???????????????# ?????????????????????????????? | | ???????????????# ??????????????????????????????? | | ???????????????# ??????????????????????????????? | | ???????????????# ???????????????????????????????? | | ???????????????# ???????????????????????????????? | | ???????????????? ????????????????????????????????? | | ?????????????????????????????????????????????????? | | ?????????????????????????????????????????????????? | | ?????????????????????????????????????????????????? | | ?????????????????????????????????????????????????? | | ?????????????????????????????????????????????????? | | ?????????????????????????????????????????????????? | | ?????????????????????????????????????????????????? | | ?????????????????????????????????????????????????? | | ?????????????????????????????????????????????????? | | ?????????????????????????????????????????????????? | | ?????????????????????????????????????????????????? | | ?????????????????????????????????????????????????? | | ?????????????????????????????????????????????????? | +----------------------------------------------------+ Best States ------------- Heat Dissipation 48 Energy Generation 23 Energy Capacity 290 Matter Stores 300 Matter Capacity 300 Sight Range 16 Terrain Scan Density 10 Additional Mass Support 6 Armor Coverage 450 Utility Shielding 66 Weapon Shielding 66 Evasion (%) 50 Recoil Reduction 5 Item Schematics ----------------- Imp. Weapon Shielding | -8/Materials | Scanalyzed Robot Schematics ------------------ None Fabricated ------------ Nothing Repaired ---------- Assault Rifle | 20% | -10/Materials Lgt. Cannon | 71% | -10/Materials Lgt. Treads | 38% | -10/Materials Med. Storage Unit | 25% | -9/Materials Hrd. Light Armor Plating | 73% | -9/Materials Studied --------- Lgt. Treads | -9/Materials | Hacked Alien Tech Used ----------------- None Achievements -------------- None Challenges ------------ None Game ------ Seed DecoderTerrorDisintegrator Manual? 0 Play Time 00:47:09 Cumulative 63.3 hours Start 2026.06.30 @ 16:19:54 End 2026.06.30 @ 17:06:29 Sessions 1 Manual Loads 0 Difficulty Rogue Special Mode None Game No. 134 Rogue 134 Adventurer 0 Explorer 0 Win Type - Total 0 Types 0/0/0/0/0/0/0/0/0/0 Lore% 30 Gallery% 29 Achievement% 25 Wizard Run 0 Options --------- Layout 0 ASCII 0 Keyboard 0 Movement Mouse Keybinds 0 Fullscreen 2 Font 24/Smallcaps Map View 76x50 Zoom Use 0% Tactical HUD 1 Map Filters NONE Filters NONE Steam 1 RUN: 79fce642-86aa-465e-949b-790f7432ae9d